 Dungeon Crawl Stone Soup version 0.31.0-4-g52a2dc7128 (webtiles) character file.

Game seed: 5133367386326095530

98 juan097 the Shield-Bearer (level 4, -14/41 HPs)
             Began as a Minotaur Fighter on Jan 22, 2024.
             Demolished by an ogre
             ... wielding a +0 giant club
              (25 damage)
             ... on level 3 of the Dungeon.
             The game lasted 00:03:28 (1616 turns).

juan097 the Shield-Bearer (Minotaur Fighter)        Turns: 1616, Time: 00:03:31

Health: -14/41     AC:  9    Str: 23    XL:     4   Next: 43%
Magic:  3/3        EV:  9    Int:  5    God:
Gold:   86         SH:  4    Dex:  9    Spells: 3/3 levels left

rFire   . . .        a - +0 war axe
rCold   . . .        c - +0 buckler
rNeg    . . .        b - +0 scale mail
rPois   .            (helmet restricted)
rElec   .            (no cloak)
rCorr   .            s - +0 pair of gloves
SInv    .            n - +0 pair of boots
Will    .....        (no amulet) Stlth
                     (no ring)
HPRegen 0.26/turn    (no ring)
MPRegen 0.08/turn

%: no passive effects
@: no status effects
A: horns 2, retaliatory headbutt
a: no special abilities


You were on level 3 of the Dungeon.
You visited 1 branch of the dungeon, and saw 3 of its levels.

You collected 86 gold pieces.

Inventory:

Hand Weapons
 a - a +0 war axe (weapon)
Armour
 b - a +0 scale mail (worn)
 c - a +0 buckler (worn)
 n - a +0 pair of boots (worn)
 s - a +0 pair of gloves (worn)
Scrolls
 e - 2 scrolls of teleportation {unknown}
 f - 3 scrolls of poison {unknown}
 g - a scroll of immolation {unknown}
 i - a scroll of enchant armour {unknown}
 j - 2 scrolls of fog {unknown}
 k - 2 scrolls of fear {unknown}
 o - a scroll of identify {unknown}
 p - 3 scrolls of noise {unknown}
Potions
 d - a potion of might
 h - a potion of enlightenment {unknown}
 l - a potion of degeneration {unknown}
 m - a potion of mutation {unknown}
 q - a potion of lignification {unknown}
 r - a potion of magic {unknown}


   Skills:
 + Level 4.4 Fighting
 + Level 3.5 Axes
 - Level 3.6 Armour
 + Level 1.6 Stealth
 + Level 4.4 Shields


You had 3 spell levels left.
You didn't know any spells.
Your spell library contained the following spells:

 Spells                   Type           Power      Damage    Failure   Level
 Magic Dart               Conj           0%         1d3       85%         1
 Shock                    Conj/Air       0%         1d3       85%         1
 Blink                    Tloc           0%         N/A       94%         2
 Call Imp                 Summ           0%         N/A       94%         2
 Sublimation of Blood     Necr           0%         N/A       94%         2
 Swiftness                Air            0%         N/A       99%         3
 Airstrike                Air            0%         2d(0-16)  100%        4
 Petrify                  Alch/Erth      0%         N/A       100%        4
 Irradiate                Conj/Alch      0%         3d11      100%        5


Dungeon Overview and Level Annotations

Branches:
Dungeon (3/15)

Altars:
Yredelemnul

Shops:
D:1 [


Innate Abilities, Weirdness & Mutations

You have a pair of horns on your head.
You reflexively headbutt those who attack you in melee.


Message History

The bat barely misses you. You furiously retaliate!
You headbutt the bat!
You kill the bat!
The dart slug launches a dart at you. The slug dart hits you.
You barely miss the ogre. You headbutt the ogre.
The ogre is lightly wounded.
You block the ogre's attack.
You slash the ogre!
The ogre is heavily wounded.
The ogre closely misses you. The dart slug launches a dart at you.
You block the slug dart.
You hit the ogre.
The ogre is heavily wounded.
The ogre hits you with a +0 giant club!
You closely miss the ogre.
The ogre is heavily wounded.
You hit the dart slug.
The ogre hits you with a +0 giant club!!
Ouch! That really hurt!
* * * LOW HITPOINT WARNING * * *
You are too injured to fight recklessly!
You are too injured to fight recklessly!
You are too injured to fight recklessly!
You are too injured to fight recklessly!
You are too injured to fight recklessly!
You are too injured to fight recklessly!
You are too injured to fight recklessly!
You are too injured to fight recklessly!
You are too injured to fight recklessly!
You are too injured to fight recklessly!
You are too injured to fight recklessly!
You are too injured to fight recklessly!
You slash the ogre! You headbutt the ogre.
The ogre is almost dead.
You barely miss the dart slug.
The dart slug bites you but does no damage.
The ogre hits you with a +0 giant club!!
Ouch! That really hurt!
You die...

###########
#.......<.######
#........†...._.
#......w..######
#......@..#
#.....O.>.#
#####.##### #.
.. .. .. #..


You could see an ogre and a dart slug.

Vanquished Creatures
  4 gnolls (D:2)
  An adder (D:2)
  2 dart slugs (D:2)
  7 bats
  2 endoplasms
  2 giant cockroaches (D:2)
  2 goblins
  5 hobgoblins
  4 quokkas
  6 ball pythons
  3 frilled lizards
  4 kobolds (D:1)
  5 rats
47 creatures vanquished.

Notes
Turn   | Place    | Note
-------+----------+-------------------------------------------
     0 | D:1      | juan097 the Minotaur Fighter began the quest for the Orb.
     0 | D:1      | Reached XP level 1. HP: 19/19 MP: 0/0
    55 | D:1      | Found Jatinemi's Antique Armour Shop.
   103 | D:1      | Reached XP level 2. HP: 25/27 MP: 1/1
   763 | D:2      | Reached skill level 1 in Stealth
   783 | D:2      | Reached XP level 3. HP: 33/33 MP: 2/2
  1225 | D:2      | Reached XP level 4. HP: 7/41 MP: 3/3
  1606 | D:3      | Found a basalt altar of Yredelemnul.
  1608 | D:3      | Noticed an ogre
  1616 | D:3      | Demolished by an ogre

Illustrated notes

Levels and vault maps discovered:
D:1:      roderic_dead_forest, layout_loops_ring, serial_shops, shop,
          minmay_octomino_j4
D:2:      minmay_spotlight, layout_loops_ring, minmay_tall_x
D:3:      layout_rooms, overflow_temple_1_default, serial_shops,
          nicolae_shop_behind_doors, st_stairs_8, uniq_natasha

Skill      XL: |  1  2 |
---------------+-------+-----
Shields        | 4 |  4.4
Fighting       | 4 |  4.4
Stealth        | 1 |  1.6
Axes           | 3 |  3.5
Armour         | |  3.6

Action                     |  1- 3 |  4- 6 || total
---------------------------+-------+-------++-------
  Melee: War axe           |    82 |    15 ||    97
         Headbutt          |    11 |     3 ||    14
 Armour: Scale mail        |    67 |    14 ||    81
  Dodge: Dodged            |    38 |    10 ||    48
  Block: Buckler           |    24 |     3 ||    27
